 Dungeon Crawl Stone Soup version 0.32-a0-938-g40ac7a0f4d (webtiles) character file.

Game seed: 6234747326762596574

4011 javelincjr the Fighter (level 10, -4/74 HPs)
             Began as a Formicid Hunter on Apr 15, 2024.
             Was a Follower of Hepliaklqana.
             Slain by a six-headed hydra (13 damage)
             ... on level 8 of the Dungeon.
             The game lasted 00:24:12 (6428 turns).

javelincjr the Fighter (Formicid Hunter)            Turns: 6428, Time: 00:24:12

Health: -4/74      AC:  7    Str: 19    XL:     10   Next: 47%
Magic:  10/10      EV: 13    Int: 14    God:    Hepliaklqana [*.....]
Gold:   309        SH: 21    Dex: 25    Spells: 9/9 levels left

rFire   . . .        q - +0 orcbow (drain)
rCold   . . .        k - +4 tower shield
rNeg    . . .        t - +4 robe of Augmentation {Str+4 Int+4 Dex+4}
rPois   +            (helmet unavailable)
rElec   .            (no cloak)
rCorr   .            e - +0 pair of gloves
SInv    +            (no boots)
Will    +....        (no amulet)
Stlth   ++++         p - ring of poison resistance
HPRegen 0.32/turn    D - ring of wizardry
MPRegen 0.12/turn

%: wizardry (x1)
@: no status effects
A: reduced essence, permanent stasis, dig shafts and tunnels, antennae 3, four
strong arms
a: Dig, Shaft Self, Renounce Religion, Recall Ancestor, Ancestor Identity


You were on level 8 of the Dungeon.
You worshipped Hepliaklqana.
Hepliaklqana was aware of your devotion.
You visited 2 branches of the dungeon, and saw 9 of its levels.

You collected 309 gold pieces.

Inventory:

Hand Weapons
 q - a +0 orcbow of draining (weapon)
 s - a +0 spear
 w - a +1 short sword of protection
 F - a +1 spear
Missiles
 d - 4 poisoned darts
 g - 4 throwing nets
 y - a curare-tipped dart
Armour
 e - a +0 pair of gloves (worn)
 k - a +4 tower shield (worn)
 m - +0 acid dragon scales
 t - the +4 robe of Augmentation (worn) {Str+4 Int+4 Dex+4}
   (You found it on level 3 of the Dungeon)

   Str+4:     It affects your strength (+4).
   Int+4:     It affects your intelligence (+4).
   Dex+4:     It affects your dexterity (+4).
Jewellery
 p - a ring of poison resistance (left hand)
 D - a ring of wizardry (right hand)
Wands
 v - a wand of polymorph (5)
 E - a wand of roots (21)
Scrolls
 b - 2 scrolls of fog
 f - 2 scrolls of noise
 i - a scroll of torment
 j - 3 scrolls of revelation {unknown}
 l - 2 scrolls of teleportation {unknown}
 r - 2 scrolls of enchant weapon {unknown}
 u - a scroll of amnesia {unknown}
 x - a scroll of silence {unknown}
 C - a scroll of summoning {unknown}
Potions
 a - a potion of ambrosia
 c - a potion of lignification {unknown}
 h - a potion of heal wounds
 n - 2 potions of degeneration
 o - 3 potions of curing
 z - a potion of cancellation {unknown}
 A - a potion of brilliance
 B - a potion of might {unknown}


   Skills:
 * Level 9.5 Fighting
 + Level 7.2 Ranged Weapons
 + Level 0.7 Armour
 + Level 5.6 Dodging
 + Level 7.7 Stealth
 + Level 7.2 Shields
 + Level 0.7 Invocations


You had 9 spell levels left.
You didn't know any spells.
Your spell library contained the following spells:

 Spells                   Type           Power      Damage    Failure   Level
 Freeze                   Ice            0%         1d3       52%         1
 Call Canine Familiar     Summ           0%         N/A       87%         3
 Frozen Ramparts          Ice            0%         1d1       87%         3
 Hailstorm                Conj/Ice       0%         3d5       87%         3
 Ozocubu's Armour         Ice            0%         N/A       87%         3
 Sigil of Binding         Hex            0%         N/A       87%         3
 Dimensional Bullseye     Hex/Tloc       0%         N/A       99%         4
 Metabolic Englaciation   Hex/Ice        0%         N/A       100%        5


Dungeon Overview and Level Annotations

Branches:
Dungeon (8/15)             Temple (1/1) D:6            Lair (0/5) D:8

Altars:
Cheibriados
Elyvilon
Fedhas
Gozag
Hepliaklqana
Nemelex Xobeh
Okawaru
Ru
Sif Muna
Uskayaw
Xom
Yredelemnul
Zin
The Shining One

Shops:
D:1 (   D:8 [

Annotations:
D:6 3 runed translucent doors, sdfx's ghost, novice GnRe


Innate Abilities, Weirdness & Mutations

Your life essence is reduced to manifest your ancestor. (-10% HP)
You cannot be hasted, slowed, berserked, paralysed or teleported.
You can dig through walls and to a lower floor.
You have a pair of large antennae on your head. (SInv)
Your four strong arms can wield two-handed weapons with a shield.


Message History

The arrow completely misses the kobold brigand.
You block the six-headed hydra's attack. x2
The six-headed hydra bites you but does no damage.
You block the six-headed hydra's attack.
The six-headed hydra bites you but does no damage.
You block the six-headed hydra's attack.
The six-headed hydra bites you. x3
* * * LOW HITPOINT WARNING * * *
The six-headed hydra bites you but does no damage.
The six-headed hydra barely misses you. The six-headed hydra bites you!
* * * LOW HITPOINT WARNING * * *
You feel much better. The six-headed hydra bites you.
You block the six-headed hydra's attack.
The six-headed hydra barely misses you. The six-headed hydra bites you.
You block the six-headed hydra's attack. x2
Aiming: Fastroot
Press: ? - help, Q - select action, (/) - cycle Shift-Dir - straight line, f - six-headed hydra, p - kobold brigand
Aim: a six-headed hydra (moderately wounded, lightly drained)
The roots erupt in riotous growth!
Roots grab the six-headed hydra.
Roots grab the kobold brigand.
Roots grab the ice beast.
The grasping roots constrict the six-headed hydra!
The grasping roots constrict the kobold brigand!
The grasping roots constrict the ice beast.
The six-headed hydra bites you!
* * * LOW HITPOINT WARNING * * *
You block the six-headed hydra's attack. x3
The six-headed hydra bites you.
* * * LOW HITPOINT WARNING * * *
The six-headed hydra bites you!
* * * LOW HITPOINT WARNING * * *
The grasping roots constrict the six-headed hydra.
The grasping roots constrict the kobold brigand.
The grasping roots constrict the ice beast.
The six-headed hydra escapes!
The six-headed hydra attacks as it pursues you!
You block the six-headed hydra's attack.
The six-headed hydra bites you!
You die...
Hepliaklqana delivers you to your ancestors.

# # # )# #.
.### #. ###.##
#.#.# ...#...
.#...### #
#.#.# ,...#..
...# ..
..##.#.. .....
.#...### .....#
,o..# ###.....
#...# {{..
....#
#.#.###Y###
.####
#...@D.K..# .#
#....####.#. ##
#.##.......# #
#.######..#. ##
#.# # .# #.# .#
#.#
.############.#
..............#


You could see a six-headed hydra (drained), an ice beast (rooted) and a kobold
brigand (rooted).

Vanquished Creatures
  Maggie (D:8)
  Sigmund (D:5)
  A wyvern (D:7)
  A steam dragon (D:8)
  4 water moccasins
  An orc warrior (D:6)
  An ice beast (D:6)
  2 black bears
  A sky beast (D:6)
  An ogre (D:6)
  5 phantoms (D:4)
  A kobold brigand (D:7)
  6 bullfrogs
  Blork the orc (D:4)
  4 scorpions
  3 wights (D:8)
  3 killer bees (D:7)
  A howler monkey (D:8)
  A bombardier beetle (D:6)
  3 hounds
  2 orc priests (D:6)
  A gnoll bouda (D:7)
  A jelly (D:4)
  3 orc wizards
  Ijyb (D:4)
  3 iguanas
  2 sleepcaps
  6 gnolls
  5 adders
  A white imp (D:7)
  2 ufetubi (D:7)
  4 ribbon worms
  5 dart slugs
  16 orcs
  8 ball pythons
  4 bats
  5 endoplasms
  4 giant cockroaches
  5 goblins
  4 hobgoblins
  2 quokkas
  3 frilled lizards (D:1)
  7 kobolds
  5 rats
141 creatures vanquished.

Vanquished Creatures (collateral kills)
  A water moccasin (D:8)
  A wight (D:8)
  A hound (D:7)
3 creatures vanquished.

Vanquished Creatures (others)
  An ancestor (D:8)
1 creature vanquished.

Grand Total: 145 creatures vanquished

Notes
Turn   | Place    | Note
-------+----------+-------------------------------------------
     0 | D:1      | javelincjr the Formicid Hunter began the quest for the Orb.
     0 | D:1      | Reached XP level 1. HP: 16/16 MP: 1/1
   175 | D:1      | Reached XP level 2. HP: 23/23 MP: 2/2
   495 | D:1      | Found Quxiy's Weapon Shop.
   681 | D:2      | HP: 1/23 [iguana (10)]
   779 | D:2      | Reached skill level 3 in Fighting
   779 | D:2      | Reached XP level 3. HP: 29/29 MP: 3/3
   815 | D:2      | Reached XP level 4. HP: 35/35 MP: 4/4
   823 | D:2      | Reached skill level 1 in Shields
  1327 | D:2      | Found a shimmering blue altar of Sif Muna.
  1416 | D:2      | Reached XP level 5. HP: 41/41 MP: 5/5
  2002 | D:3      | Found the +4 robe of Augmentation {Str+4 Int+4 Dex+4}
  2571 | D:3      | Found a shimmering altar of Xom.
  2571 | D:3      | Found a shimmering blue altar of Sif Muna.
  2644 | D:4      | Noticed a phantom
  2648 | D:4      | Noticed a phantom
  2659 | D:4      | Killed a phantom
  2660 | D:4      | Reached skill level 4 in Fighting
  2660 | D:4      | Reached XP level 6. HP: 43/48 MP: 6/6
  2861 | D:4      | Noticed Ijyb
  2905 | D:4      | Killed Ijyb
  2906 | D:4      | Reached XP level 7. HP: 49/55 MP: 7/7
  2915 | D:4      | Reached skill level 5 in Fighting
  2977 | D:4      | Noticed Blork the orc
  2982 | D:4      | Killed Blork the orc
  2983 | D:4      | Reached skill level 5 in Ranged Weapons
  3624 | D:5      | Entered Level 5 of the Dungeon
  3726 | D:5      | Reached XP level 8. HP: 59/63 MP: 8/8
  3754 | D:5      | Noticed Sigmund
  3787 | D:5      | Killed Sigmund
  3788 | D:5      | Reached skill level 6 in Fighting
  3976 | D:5      | Reached skill level 5 in Stealth
  4314 | D:6      | Noticed sdfx's ghost (novice GnRe)
  4317 | D:6      | Noticed a two-headed ogre
  4332 | D:6      | Found a runed translucent gate.
  4332 | D:6      | Found a runed translucent gate.
  4333 | D:6      | Found a runed translucent gate.
  4363 | D:6      | Reached skill level 5 in Shields
  4363 | D:6      | Reached XP level 9. HP: 58/67 MP: 9/9
  4365 | D:6      | Reached skill level 7 in Fighting
  4723 | D:6      | Found a snail-covered altar of Cheibriados.
  4842 | D:6      | Found a staircase to the Ecumenical Temple.
  4851 | Temple   | Entered the Ecumenical Temple
  4870 | Temple   | Became a worshipper of Hepliaklqana the Forgotten
  5445 | D:7      | Reached skill level 8 in Fighting
  5663 | D:7      | Reached skill level 5 in Dodging
  5763 | D:7      | Reached * piety under Hepliaklqana
  5858 | D:7      | Found a sacrificial altar of Ru.
  5938 | D:8      | Found a staircase to the Lair.
  5952 | D:8      | Reached XP level 10. HP: 61/73 MP: 10/10
  5971 | D:8      | Reached skill level 9 in Fighting
  6083 | D:8      | Noticed Maggie
  6091 | D:8      | Killed Maggie
  6147 | D:8      | Found Tuimezan's Antique Armour Shoppe.
  6417 | D:8      | Noticed a six-headed hydra
  6428 | D:8      | Slain by a six-headed hydra

Illustrated notes

Levels and vault maps discovered:
D:1:      spicycebolla_green_bress_n_ham_2, layout_basic, serial_shops,
          shop_fountains
D:2:      layout_basic, basic_altar, nicolae_kite_square_tiling_tiny
D:3:      layout_loops_ring, amethyst_overflow_temple_binary, grunt_ministairs_4
D:4:      layout_layer_cave, uniq_blork_the_orc, uniq_ijyb
D:5:      layout_cave_pools, skrybe_limestone_x,
          minmay_fractal_squares_gapless_5, uniq_sigmund
D:6:      layout_loops_cross, slow_altar_2, minmay_temple_entry_fiery,
          gammafunk_ghost_split, chequers_jeans
D:7:      layout_loops_ring, nicolae_ru_path_of_blood
D:8:      layout_loops_ring, pdpol_wu_jian_five_deadly_venoms,
          lemuel_mausoleum_altar_kikubaaqudgha, due_lair_maze_entry_diamond,
          serial_shops, shop, minmay_chambers_of_fives, uniq_maggie
Temple:   hellmonk_temple_beads

Skill      XL: |  1  2  3  4  5  6  7  8  9 10 |
---------------+-------------------------------+-----
Dodging        | 2 3 4 5 |  5.6
Fighting       | 3 4 5 6 8 9 |  9.5
Stealth        | 2 3 4 5 6 7 |  7.7
Shields        | 1 2 3 5 6 7 |  7.2
Ranged Weapons | 5 6 7 |  7.2
Armour         | |  0.7
Invocations    | |  0.7

Action                     |  1- 3 |  4- 6 |  7- 9 | 10-12 || total
---------------------------+-------+-------+-------+-------++-------
  Melee: Unarmed           |       |     2 |       |       ||     2
   Fire: Shortbow          |    72 |    21 |       |       ||    93
         Orcbow            |       |   107 |   259 |    60 ||   426
Ability: Dig               |       |       |     1 |       ||     1
  Evoke: Wand              |       |       |       |     1 ||     1
    Use: Scroll            |     1 |       |    11 |       ||    12
         Potion            |       |     1 |       |     1 ||     2
 Armour: Leather armour    |    10 |    15 |       |       ||    25
         Robe              |       |    30 |    64 |    36 ||   130
         Skin              |       |     2 |       |       ||     2
  Dodge: Dodged            |    23 |    40 |    83 |    15 ||   161
  Block: Tower shield      |       |       |   110 |    59 ||   169

Table legend: (Time is in decaauts)
 A = Elapsed time spent in this place.
 B = Non-inter-level travel time spent in this place.
 C = Inter-level travel time spent in this place.
 D = Time resting spent in this place.
 E = Time spent auto-exploring this place.
 F = Levels seen in this place.
 G = Mean time per level.
                   A        B        C        D        E       F      G
               +--------+--------+--------+--------+--------+-----+--------+
         Total |   6597 |   6348 |    249 |    105 |   4952 |   9 |  733.0 |
       Dungeon |   6559 |   6347 |    212 |    105 |   4952 |   8 |  819.9 |
        Temple |     38 |      1 |     37 |      0 |      0 |   1 |   38.0 |
               +--------+--------+--------+--------+--------+-----+--------+

Top non-repeatable levels by time:
     D:2: 1146 daAuts
     D:4: 999 daAuts
     D:7: 881 daAuts
     D:6: 858 daAuts
     D:3: 798 daAuts
     D:1: 760 daAuts
     D:5: 576 daAuts
     D:8: 536 daAuts
  Temple: 38 daAuts
